 Dungeon Crawl Stone Soup version 0.26-a0-660-gc07710193c (webtiles) character file.

Game seed: 3372582397701404653

192194 Decritt the Tortoise (level 18, -4/185 HPs)
             Began as a Minotaur Fighter on Oct 5, 2020.
             Was the Champion of Makhleb.
             Killed from afar by a starcursed mass (11 damage)
             ... with an accursed screaming
             ... on level 4 of the Abyss on Oct 6, 2020.
             The game lasted 04:04:39 (38769 turns).

Decritt the Tortoise (Minotaur Fighter)            Turns: 38769, Time: 04:04:39

Health: -4/185     AC: 27    Str: 28    XL:     18   Next: 3%
Magic:  25/25      EV:  7    Int:  5    God:    Makhleb [******]
Gold:   2719       SH: 28    Dex: 11    Spells: 17/17 levels left

rFire    + . .     SeeInvis +   f - +5 whip (holy)
rCold    + . .     Faith    .   M - +6 tower shield
rNeg     . . .     Spirit   .   c - +0 plate armour
rPois    +         Reflect  .   R - +2 hat of the Shining Light {rPois rF+ rC+ MR-}
rElec    .         Harm     .   E - +0 cloak
rCorr    .         Rampage  +   j - +0 pair of gloves
MR       +....     Rnd*Rage +   K - +2 pair of boots {rampage}
Stlth    ..........             N - amulet of Vitality {Regen+ HP+15}
HPRegen  0.00/turn              o - ring of protection from magic
MPRegen  0.19/turn              O - ring of see invisible

@: berserk cooldown
A: retaliatory headbutt, horns 2, [berserk 1], [deterioration 2], [inhibited
regeneration]
a: Minor Destruction, Lesser Servant of Makhleb, Major Destruction, Greater
Servant of Makhleb, Renounce Religion


You were on level 4 of the Abyss.
You worshipped Makhleb.
Makhleb was exalted by your worship.
You visited 6 branches of the dungeon, and saw 33 of its levels.
You visited the Abyss 1 time.
You also visited: Ice Cave.

You collected 2994 gold pieces.
You spent 275 gold pieces at shops.

Inventory:

Hand Weapons
 a - a +2 flail of protection
 b - the +7 hand crossbow "Quyz" {freeze, *Slow Dex+5}
   (You found it on level 9 of the Dungeon)

   It causes projectiles fired from it to freeze those they strike, causing
   extra injury to most foes and up to half again as much damage against
   particularly susceptible opponents.
   They can also slow down cold-blooded creatures.
   It affects your dexterity (+5).
   It may slow you when you take damage.
 f - a +5 whip of holy wrath (weapon)
Missiles
 g - 394 bolts
 C - 25 stones (quivered)
Armour
 c - a +0 plate armour (worn)
 j - a +0 pair of gloves (worn)
 E - a +0 cloak (worn)
 K - a +2 pair of boots of rampaging (worn)
 M - a +6 tower shield (worn)
 Q - the +1 hat of Cihoth {Dex+4}
   (You found it on level 9 of the Dungeon)

   It affects your dexterity (+4).
 R - the +2 hat of the Shining Light (worn) {rPois rF+ rC+ MR-}
   (You found it on level 9 of the Dungeon)

   It protects you from fire.
   It protects you from cold.
   It protects you from poison.
   It affects your resistance to hostile enchantments.
Jewellery
 i - an uncursed ring of protection from fire
 k - an uncursed ring of fire
 o - a ring of protection from magic (left hand)
 s - an uncursed ring of positive energy
 t - an uncursed amulet of guardian spirit
 N - the amulet of Vitality (around neck) {Regen+ HP+15}
   (You found it on level 8 of the Dungeon)

   [amulet of regeneration]

   It affects your health (+15).
   It increases your rate of regeneration.
 O - a ring of see invisible (right hand)
Wands
 m - a wand of iceblast (30)
 u - a wand of polymorph (10)
 F - a wand of paralysis (18)
 H - a wand of enslavement (35)
Scrolls
 h - 7 scrolls of teleportation
 l - 14 scrolls of remove curse
 n - a scroll of immolation
 p - 4 scrolls of identify
 q - 2 scrolls of fear
 z - 8 scrolls of magic mapping
 L - 4 scrolls of fog
 S - 2 scrolls of holy word
Potions
 d - 4 potions of might
 e - 5 potions of cancellation
 v - 3 potions of mutation
 w - a potion of resistance
 x - 3 potions of flight
 A - a potion of stabbing
 B - 2 potions of berserk rage
 J - 2 potions of haste


   Skills:
 * Level 17.5 Fighting
 + Level 16.2 Maces & Flails
 - Level 10.0 Crossbows
 + Level 18.5 Armour
 - Level 0.6 Dodging
 * Level 17.2 Shields
 + Level 11.7 Invocations


You had 17 spell levels left.
You didn't know any spells.
Your spell library contained the following spells:

 Spells                   Type           Power        Failure   Level
 Animate Skeleton         Necr           #.....       100%        1
 Corona                   Hex            #......      100%        1
 Magic Dart               Conj           #...         100%        1
 Pain                     Necr           #...         100%        1
 Shock                    Conj/Air       #...         100%        1
 Blink                    Tloc           N/A          100%        2
 Call Imp                 Summ           #.......     100%        2
 Ensorcelled Hibernation  Hex/Ice        #.....       100%        2
 Slow                     Hex            #.......     100%        2
 Confusing Touch          Hex            #.......     100%        3
 Conjure Flame            Conj/Fire      #.......     100%        3
 Dazzling Flash           Conj/Hex       #.....       100%        3
 Gell's Gravitas          Tloc           #.........   100%        3
 Mephitic Cloud           Conj/Pois/Air  #.......     100%        3
 Tukima's Dance           Hex            #.......     100%        3
 Vampiric Draining        Necr           #.........   100%        3
 Animate Dead             Necr           #.........   100%        4
 Petrify                  Tmut/Erth      #.......     100%        4
 Agony                    Necr           #.......     100%        5
 Irradiate                Conj/Tmut      #.........   100%        5
 Metabolic Englaciation   Hex/Ice        #.........   100%        5
 Summon Demon             Summ           #.........   100%        5
 Summon Forest            Summ/Tloc      #.........   100%        5
 Summon Mana Viper        Hex/Summ       #.......     100%        5
 Yara's Violent Unravell  Hex/Tmut       #.........   100%        5
 Freezing Cloud           Conj/Ice/Air   #.........   100%        6
 Hydra Form               Tmut           #.........   100%        6
 Shadow Creatures         Summ           N/A          100%        6
 Statue Form              Tmut/Erth      #........    100%        6
 Dragon Form              Tmut           #.........   100%        7
 Summon Hydra             Summ           #.........   100%        7


Dungeon Overview and Level Annotations

Branches:
Dungeon (15/15)            Temple (0/1) D:7            Lair (6/6) D:11
  Swamp (3/4) Lair:3       Spider (4/4) Lair:2        Slime (0/5) Lair:5
    Orc (2/2) D:10            Elf (3/3) Orc:2        Vaults (0/5) D:14
 Depths (0/5) D:15          IceCv (visited)

Altars:
Gozag
Hepliaklqana
Makhleb
Ru
Trog
Uskayaw
Vehumet
Zin
The Shining One
Beogh
Jiyva

Shops:
D:6 }   D:7 [   D:9 [   D:11 ?   D:15 ?   Orc:2 :}*:   Elf:2 *(=

Portals:
Trove: Elf:2 (give 20 potions of curing)

Annotations:
D:5 2 runed translucent doors, lilly's ghost, amateur MiMo
Lair:3 3 runed translucent doors, Ozzies's ghost, adept DECj
Spider:2 3 runed translucent doors, Tman's ghost, journeyman TrFi
Spider:3 2 transporters


Innate Abilities, Weirdness & Mutations

You reflexively headbutt those who attack you in melee.
You have a pair of horns on your head.
[You tend to lose your temper in combat.]
[Your body often deteriorates upon taking damage.]
[You do not regenerate when monsters are visible.]


Message History

You feel yourself speed up.
A starcursed mass splits.
Tentacles burst from the starspawn's body!
You block the starspawn tentacle's attack.
A starcursed mass splits.
The wretched star pulses with an eldritch light!
You feel yourself wasting away.
You feel your body start to fall apart.
Your regeneration stops near monsters.
The tentacled starspawn bites you!
* * * LOW HITPOINT WARNING * * *
You block the tentacled starspawn's attack.
A starcursed mass splits. 2 starspawn tentacles come into view.
You hit the starspawn tentacle but do no damage.
You headbutt the starspawn tentacle.
The starspawn tentacle is lightly damaged.
You feel your health improve.
A starcursed mass splits.
A deafening chorus of shrieks assaults your mind!
You die...

## ###X###
#...XX##
#X..###
...#.#....##
...*.....@w.#
..#.....#Xw.#
#.....#..##
..........#
...#...#...#
#..##.##X.##
#. .. .XX#
... ..φ#


You could see 7 starcursed masses, a tentacled starspawn, a wretched star and 2
starspawn tentacles.

Vanquished Creatures
  Jorgrun (D:14)
  2 ghost moths
  An angel (Abyss:3)
  A frost giant (IceCv)
  A stone giant (Orc:2)
  3 entropy weavers
  2 deep elf annihilators (Elf:1)
  A deep elf death mage (Elf:1)
  Harold (D:8)
  Josephine (Lair:6)
  A yaktaur captain (D:15)
  11 hydras
  2 boulder beetles
  A death knight (D:12)
  A shambling mangrove (Swamp:2)
  A two-headed ogre (shapeshifter) (D:15)
  An ogre mage (D:15)
  2 centaur warriors
  3 dancing weapons
  Erica (D:10)
  A catoblepas (Lair:5)
  9 death yaks
  7 two-headed ogres
  A queen ant (Spider:3)
  8 alligators (Swamp:1)
  11 deep elf knights
  Nergalle (D:11)
  Sonja (Lair:4)
  A fire crab (shapeshifter) (D:15)
  9 skeletal warriors
  4 unseen horrors
  5 starcursed masses (Abyss:3)
  6 deep elf archers
  A glowing orange brain (D:15)
  2 swamp dragons (Swamp:1)
  A phantasmal warrior (D:12)
  4 orc sorcerers
  14 wolf spiders
  3 orc knights
  42 deep elf magi
  6 manticores
  12 orb spiders
  13 ugly things
  3 cyclopes
  20 elephants
  An oklob plant (Lair:6)
  A guardian serpent (D:12)
  An apocalypse crab (Abyss:3)
  A black mamba (Lair:4)
  Joseph (D:10)
  A guardian serpent (shapeshifter) (D:14)
  An ice statue (IceCv)
  A cane toad (shapeshifter) (D:14)
  2 smoke demons (Abyss:3)
  2 gargoyles
  5 rime drakes
  A freezing wraith (D:12)
  20 cane toads
  A kobold demonologist (D:14)
  12 komodo dragons
  A tengu conjurer (D:15)
  11 demonic crawlers
  A redback zombie (D:15)
  2 jumping spiders (shapeshifter)
  7 trolls
  An ancient zyme (Abyss:3)
  17 polar bears
  2 tyrant leeches
  A polar bear (shapeshifter) (Elf:1)
  24 jumping spiders
  6 meliai
  22 slime creatures
  13 hornets
  17 blink frogs (Lair:3)
  5 dream sheep (Lair:5)
  5 bog bodies
  2 flying skulls (Abyss:3)
  62 redbacks
  5 spriggans
  27 tarantellas
  4 shadows
  53 yaks
  A vampire (D:15)
  10 wraiths
  Sigmund (D:6)
  A human (shapeshifter) (D:15)
  5 basilisks
  4 wyverns
  A fire elemental (Orc:2)
  Eustachio (D:4)
  3 golden eyes (Abyss:3)
  3 wargs (Orc:1)
  20 vampire mosquitoes
  6 swamp worms
  4 insubstantial wisps (Swamp:1)
  7 soldier ants
  14 water moccasins
  A black bear (D:9)
  2 sky beasts
  4 swamp drakes
  An eye of draining (D:12)
  34 orc warriors
  A hornet zombie (D:8)
  7 ice beasts
  A black bear (shapeshifter) (D:14)
  2 necrophages (D:9)
  13 ogres
  17 wolves
  29 centaurs
  12 killer bees
  4 boggarts (D:15)
  A big kobold (D:9)
  13 bullfrogs
  3 small abominations (Abyss:3)
  A hornet simulacrum (D:8)
  5 scorpions
  2 wyvern skeletons
  13 wights
  A water moccasin skeleton (D:11)
  4 howler monkeys
  2 electric eels (D:8)
  A crimson imp (D:9)
  6 centaur zombies
  6 centaur skeletons
  15 orc priests
  6 bullfrog skeletons
  2 hounds
  7 jellies
  17 orc wizards
  3 iguanas
  An iron imp (D:9)
  26 worker ants
  A killer bee zombie (D:10)
  2 bullfrog simulacra (D:8)
  A hound skeleton (D:4)
  A hound zombie (D:4)
  4 worker ant zombies
  3 gnolls (D:3)
  A howler monkey zombie (D:4)
  9 adders
  A hound simulacrum (D:8)
  A shadow imp (D:9)
  9 white imps
  3 ufetubi
  4 oozes
  An adder zombie (D:4)
  A worm (D:4)
  3 dart slugs
  A leopard gecko (D:4)
  65 orcs
  4 giant cockroaches
  8 goblins
  5 hobgoblins
  14 jackals
  10 kobolds
  3 quokkas
  A ball python (D:1)
  A ball python zombie (D:4)
  11 bats
  14 frilled lizards
  A jackal zombie (D:4)
  9 rats
  A starspawn tentacle (Abyss:3)
1099 creatures vanquished.

Vanquished Creatures (collateral kills)
  A leopard gecko (D:7)
1 creature vanquished.

Vanquished Creatures (others)
  A ghost moth (Spider:1)
  A deep elf mage (Orc:2)
  A tyrant leech (Swamp:1)
  A raiju (Abyss:3)
  A shadow (D:15)
  A tarantella (Spider:3)
  A centaur (D:7)
  3 killer bees (D:7)
  An orc (D:9)
  6 fungi
  8 plants
  16 starspawn tentacles
  5 toadstools (D:1)
  6 withered plants (D:4)
52 creatures vanquished.

Grand Total: 1152 creatures vanquished

Notes
Turn   | Place    | Note
-------+----------+-------------------------------------------
     0 | D:1      | Decritt the Minotaur Fighter began the quest for the Orb.
     0 | D:1      | Reached XP level 1. HP: 19/19 MP: 0/0
   127 | D:1      | Reached XP level 2. HP: 27/27 MP: 1/1
   449 | D:1      | Reached XP level 3. HP: 22/33 MP: 2/2
  1089 | D:2      | Reached skill level 4 in Armour
  1416 | D:2      | Reached XP level 4. HP: 41/41 MP: 3/3
  2440 | D:3      | Reached XP level 5. HP: 47/47 MP: 4/4
  2544 | D:3      | You fall into a shaft and drop 1 floor!
  2544 | D:4      | Found a glowing silver altar of Zin.
  2559 | D:4      | Reached skill level 5 in Fighting
  2596 | D:4      | Found a hide-covered altar of Uskayaw.
  2599 | D:4      | Found an opulent altar of Gozag.
  2602 | D:4      | Found a radiant altar of Vehumet.
  2680 | D:4      | Noticed an ogre
  2695 | D:4      | Killed an ogre
  2695 | D:4      | Reached XP level 6. HP: 39/56 MP: 5/5
  2702 | D:4      | Noticed Eustachio
  2721 | D:4      | Killed Eustachio
  2721 | D:4      | Reached skill level 5 in Maces & Flails
  2721 | D:4      | Reached skill level 5 in Shields
  2885 | D:4      | Reached skill level 5 in Armour
  2905 | D:4      | Found a glowing golden altar of the Shining One.
  2966 | D:4      | Reached XP level 7. HP: 46/63 MP: 6/6
  4239 | D:5      | Entered Level 5 of the Dungeon
  4575 | D:5      | Found a large runed translucent door.
  4575 | D:5      | Found a large runed translucent door.
  4576 | D:5      | Noticed lilly's ghost (amateur MiMo)
  4910 | D:5      | Reached XP level 8. HP: 72/73 MP: 7/7
  5437 | D:5      | Found a burning altar of Makhleb.
  5437 | D:5      | Found a hazy altar of Hepliaklqana.
  5444 | D:5      | Became a worshipper of Makhleb the Destroyer
  5626 | D:6      | Reached skill level 6 in Armour
  5685 | D:6      | Noticed Sigmund
  5705 | D:6      | Killed Sigmund
  5705 | D:6      | Reached skill level 1 in Invocations
  6320 | D:6      | Found Dareon's Gadget Emporium.
  6436 | D:6      | Found a bloodstained altar of Trog.
  6542 | D:7      | Found a sacrificial altar of Ru.
  6943 | D:8      | Noticed a polar bear
  7084 | D:8      | Killed a polar bear
  7084 | D:8      | Reached XP level 9. HP: 79/82 MP: 9/9
  7162 | D:7      | Found a staircase to the Ecumenical Temple.
  7541 | D:7      | Found Esere's Antique Armour Emporium.
  7554 | D:7      | Reached skill level 7 in Armour
  7572 | D:7      | Bought a pair of runed boots for 195 gold pieces
  8065 | D:7      | Reached * piety under Makhleb
  8178 | D:8      | Noticed a death yak
  8205 | D:8      | Killed a death yak
  8205 | D:8      | Reached skill level 10 in Fighting
  8551 | D:8      | Noticed a polar bear
  8562 | D:8      | Killed a polar bear
  8696 | D:8      | Reached XP level 10. HP: 56/93 MP: 11/11
  9293 | D:8      | Reached skill level 10 in Maces & Flails
  9660 | D:8      | Noticed Harold
  9667 | D:8      | Killed Harold
  9667 | D:8      | Reached skill level 8 in Armour
  9739 | D:8      | Found the amulet of Vitality {Regen+ HP+15}
 10143 | D:9      | Reached ** piety under Makhleb
 10231 | D:9      | Noticed a two-headed ogre
 10245 | D:9      | Killed a two-headed ogre
 10245 | D:9      | Reached skill level 9 in Armour
 10268 | D:9      | Noticed a skeletal warrior
 10269 | D:9      | Noticed a skeletal warrior
 10272 | D:9      | Noticed a skeletal warrior
 10291 | D:8      | Killed a skeletal warrior
 10291 | D:8      | Reached XP level 11. HP: 89/102 MP: 13/13
 10846 | D:8      | Killed a skeletal warrior
 10846 | D:8      | Reached skill level 5 in Invocations
 10913 | D:8      | Killed a skeletal warrior
 11160 | D:9      | Got a scorched hand crossbow
 11160 | D:9      | Identified the +7 hand crossbow "Quyz" {freeze, *Slow
                  | Dex+5} (You found it on level 9 of the Dungeon)
 11270 | D:9      | Found Beku's Armour Emporium.
 11304 | D:9      | Found an opulent altar of Gozag.
 11332 | D:9      | Noticed a deep elf mage
 11373 | D:9      | Killed a deep elf mage
 11421 | D:9      | Noticed a deep elf mage
 11424 | D:9      | Killed a deep elf mage
 11426 | D:9      | Got an ancient hat
 11426 | D:9      | Got a faintly glowing hat
 11454 | D:9      | Identified the +1 hat of Cihoth {Dex+4} (You found it on
                  | level 9 of the Dungeon)
 11464 | D:9      | Identified the +2 hat of the Shining Light {rPois rF+ rC+
                  | MR-} (You found it on level 9 of the Dungeon)
 11633 | D:10     | Entered Level 10 of the Dungeon
 11681 | D:10     | Noticed Joseph
 11692 | D:10     | Killed Joseph
 11692 | D:10     | Reached skill level 1 in Crossbows
 11806 | D:10     | Noticed Erica
 11817 | D:10     | Killed Erica
 11892 | D:10     | Noticed an unseen horror
 11895 | D:10     | Killed an unseen horror
 11895 | D:10     | Reached skill level 10 in Armour
 11895 | D:10     | Reached skill level 10 in Shields
 12089 | D:10     | Reached *** piety under Makhleb
 12343 | D:10     | Found a staircase to the Orcish Mines.
 12466 | D:11     | Found Arrerus's Magic Scroll Emporium.
 12652 | D:11     | Noticed Nergalle
 12659 | D:11     | Killed Nergalle
 12689 | D:11     | Found a staircase to the Lair.
 12986 | Lair:1   | Entered Level 1 of the Lair of Beasts
 13005 | Lair:1   | Noticed an eight-headed hydra
 13013 | Lair:1   | Killed an eight-headed hydra
 13036 | Lair:1   | Reached XP level 12. HP: 113/113 MP: 15/15
 13971 | Lair:2   | Reached **** piety under Makhleb
 14024 | Lair:2   | Found a hole to the Spider Nest.
 14416 | Lair:3   | Noticed a six-headed hydra
 14425 | Lair:3   | Killed a six-headed hydra
 14425 | Lair:3   | Reached skill level 11 in Armour
 14446 | Lair:3   | Noticed an eight-headed hydra
 14450 | Lair:3   | Killed an eight-headed hydra
 14494 | Lair:3   | Found a staircase to the Swamp.
 14753 | Lair:3   | Found a runed translucent gate.
 14756 | Lair:3   | Found a runed translucent gate.
 14756 | Lair:3   | Found a runed translucent gate.
 14757 | Lair:3   | Noticed Ozzies's ghost (adept DECj)
 14760 | Lair:3   | Found a viscous altar of Jiyva.
 15076 | Lair:3   | Reached XP level 13. HP: 50/122 MP: 17/17
 15490 | Lair:3   | Reached skill level 12 in Armour
 16031 | Lair:4   | Noticed Sonja
 16139 | Lair:3   | Reached skill level 5 in Crossbows
 16178 | Lair:4   | Reached ***** piety under Makhleb
 16227 | Lair:4   | Killed Sonja
 16995 | Lair:5   | Found a runed translucent door.
 16996 | Lair:5   | Found a viscous altar of Jiyva.
 16999 | Lair:5   | Found a staircase to the Slime Pits.
 17594 | Lair:6   | Entered Level 6 of the Lair of Beasts
 17820 | Lair:6   | Reached skill level 13 in Armour
 18097 | Lair:6   | Noticed Josephine
 18121 | Lair:6   | Killed Josephine
 18448 | Lair:6   | Reached XP level 14. HP: 130/130 MP: 19/19
 19307 | Swamp:1  | Entered Level 1 of the Swamp
 20024 | Swamp:1  | Reached skill level 14 in Armour
 20225 | Swamp:1  | Reached ****** piety under Makhleb
 21511 | Orc:1    | Entered Level 1 of the Orcish Mines
 21940 | Orc:1    | Found a roughly hewn altar of Beogh.
 22168 | Orc:2    | Entered Level 2 of the Orcish Mines
 22413 | Orc:1    | Reached XP level 15. HP: 135/138 MP: 20/20
 22634 | Orc:2    | Reached skill level 15 in Armour
 22642 | Orc:2    | Found a staircase to the Elven Halls.
 23051 | Orc:2    | Found Wirudut's Gadget Shoppe.
 23051 | Orc:2    | Found Kiuskoul's General Store.
 23053 | Orc:2    | Found Saarch Suqi's Book Shop.
 23055 | Orc:2    | Found Ykheloy's Book Emporium.
 23066 | Orc:2    | Bought a potion of heal wounds for 50 gold pieces
 23066 | Orc:2    | Bought a potion of curing for 30 gold pieces
 23653 | D:12     | You fall into a shaft and drop 3 floors!
 23653 | D:15     | Entered Level 15 of the Dungeon
 23893 | D:15     | Reached skill level 15 in Shields
 24124 | D:15     | Found a frozen archway.
 24133 | IceCv    | Entered an ice cave
 24529 | IceCv    | Reached skill level 15 in Maces & Flails
 24794 | IceCv    | Noticed a frost giant
 24826 | IceCv    | Killed a frost giant
 25036 | D:15     | Found a staircase to the Depths.
 25098 | D:15     | Reached skill level 10 in Invocations
 25243 | D:15     | Reached skill level 16 in Armour
 25375 | D:15     | Reached XP level 16. HP: 147/147 MP: 22/22
 25790 | D:15     | Found Keacs's Magic Scroll Emporium.
 26505 | D:14     | Found a gate to the Vaults.
 26505 | D:14     | Noticed Jorgrun
 26518 | D:14     | Paralysed by a floating eye for 3 turns
 26545 | D:14     | Killed Jorgrun
 26573 | D:14     | Reached skill level 15 in Fighting
 27700 | D:13     | You fall into a shaft and drop 1 floor!
 28837 | D:12     | Found the +8 arc blade {discharge, rElec}
 29610 | Spider:1 | Entered Level 1 of the Spider Nest
 30460 | Spider:1 | Reached skill level 17 in Armour
 31666 | Spider:2 | Reached skill level 10 in Crossbows
 31942 | Spider:2 | Found a runed translucent gate.
 31942 | Spider:2 | Found a runed translucent gate.
 31942 | Spider:2 | Found a runed translucent gate.
 31953 | Spider:2 | Noticed Tman's ghost (journeyman TrFi)
 32542 | Spider:3 | Reached XP level 17. HP: 158/158 MP: 2/24
 32713 | Spider:3 | Found a transporter.
 33335 | Spider:3 | Found a transporter.
 33471 | Spider:4 | Entered Level 4 of the Spider Nest
 33492 | Spider:4 | HP: 4/174 [Executioner/nerve-wracking pain[the player
                  | character] (5)]
 35036 | Elf:1    | Entered Level 1 of the Elven Halls
 35064 | Orc:2    | HP: 2/175 [deep elf mage/bolt of lightning (34)]
 35368 | Orc:2    | Reached skill level 18 in Armour
 35927 | Elf:1    | Identified the Reference Book on Attacks
 37328 | Elf:1    | Upgraded the game from 0.26-a0-658-gbdda728c12 to
                  | 0.26-a0-660-gc07710193c
 37718 | Elf:2    | Found Jisch's Jewellery Shoppe.
 37820 | Elf:3    | Entered Level 3 of the Elven Halls
 37850 | Elf:2    | Found Giusoob's General Store.
 37851 | Elf:2    | Found Teofimah's Antique Weapon Boutique.
 37882 | Elf:2    | Found a portal to a secret trove of treasure.
 38132 | Elf:2    | Cast into level 3 of the Abyss (a deep elf sorcerer)
 38160 | Abyss:3  | Found a shadowy altar of Dithmenos.
 38211 | Abyss:3  | Paralysed by accursed screaming for 1 turns
 38591 | Abyss:3  | Reached XP level 18. HP: 170/170 MP: 25/25
 38626 | Abyss:3  | Paralysed by accursed screaming for 2 turns
 38768 | Abyss:4  | HP: 7/185 [tentacled starspawn (15)]
 38769 | Abyss:4  | Killed from afar by a starcursed mass

Illustrated notes

Levels and vault maps discovered:
D:1:      ldierk_walled_garden, layout_loops_corners, minmay_lizard_pond
D:2:      wad_river_or_something, layout_basic
D:3:      layout_loops_ring, minmay_misc_feat_x
D:4:      layout_gridville, grunt_temple_overflow_cloverleaf, serial_undead,
          serial_undead_b, serial_undead_f, serial_undead_b, serial_undead_f,
          palyth_stone_intersect, nicolae_tso_carved_into_rock, uniq_eustachio
D:5:      layout_layer_cave, amethyst_overflow_temple_binary,
          ebering_ghost_disaster_area
D:6:      layout_basic, marbit_many_paths, serial_shops,
          nicolae_shop_behind_doors, uniq_sigmund
D:7:      layout_cave_pools, nicolae_ru_awakened_eye, minmay_temple_entry_glass,
          serial_shops, shop
D:8:      layout_basic, serial_ice, serial_ice_b, serial_ice_j, serial_ice_c,
          serial_ice_d, serial_ice_a, serial_ice_n, serial_ice_o, serial_ice_e,
          serial_ice_m, serial_ice_h, uniq_harold
D:9:      layout_big_octagon, basic_altar, serial_shops, shop,
          minmay_misc_feat_plants, minmay_misc_feat_secret_circle,
          hangedman_minor_magic
D:10:     layout_cave_pools, david_orc_4, uniq_joseph, uniq_erica
D:11:     layout_rooms, lair_entry_dummy, serial_shops, nicolae_shop_waterfront,
          minmay_misc_feat_pillars, uniq_nergalle
D:12:     kennysheep_six_static_rooms, layout_cave_pods, dk_vineyard_3,
          fake_guardian_serpent_vault
D:13:     layout_loops_cross, kennysheep_generic_room_12
D:14:     layout_roguey, david_vaults_2, grunt_decor_one_mirror, uniq_jorgrun
D:15:     gammafunk_enter_depths_forms, layout_basic,
          ebering_dispersal_statue_hall, portal_ice_cave_rime, serial_shops,
          shop, lightli_fourway_metalbox
Lair:1:   layout_concentric_octagons
Lair:2:   layout_regular_city, spider_nest_entry_web_field, serial_bayou_pond_d,
          lemuel_fruit_fields
Lair:3:   layout_cave_pods, palyth_hydra_swamp_entry, gammafunk_ghost_ooze
Lair:4:   layout_hall_layers, uniq_sonja
Lair:5:   layout_regular_city, slime_altar_2, grunt_megastairs_2
Lair:6:   due_jungle_book, layout_cave_pods, grunt_megastairs_4, uniq_josephine
Swamp:1:  layout_falls_marsh, nicolae_swamp_dense_foliage
Swamp:2:  layout_falls_marsh, nicolae_swamp_trees_clearing,
          infiniplex_staircase_pool_2, uniq_kirke
Swamp:3:  layout_basic_swamp, evilmike_swamp_ruin_house_4
Spider:1: layout_chambers, nicolae_spider_webbed_stairs
Spider:2: layout_chambers, ebering_ghost_rock_garden, nicolae_spider_cling_ruins
Spider:3: gammafunk_its_a_trap, minmay_another_anthill
Spider:4: grunt_spider_rune_circles
Orc:1:    layout_caves, basic_altar, guppyfry_library_mini
Orc:2:    st_orc_rangers, layout_caves
Elf:1:    minmay_elf_arrival_circle, layout_onion_city, minmay_elf_annihilation
Elf:2:    layout_rooms, serial_shops, shop_coins, nicolae_shop_crystal, shop,
          shop, nicolae_trove_entry_diagonal, serial_sigils_hangedman_writhe,
          drop_trap, nrook_loot_triangle, tgw_sif
Elf:3:    minmay_elf_hall_not_hex, layout_loops_cross, serial_shops,
          nicolae_shop_behind_doors, billiards_dpeg
Abyss:4:  base: D:11, hangedman_abyss_exit_choices,
          hangedman_abyss_or_decor_jellyfish_corner,
          guppyfry_abyss_exit_glass_guarded, nicolae_abyss_rune_star_stuff,
          evilmike_abyss_exit_14

Skill      XL: |  1  2  3  4  5  6  7  8  9 10 11 12 13 14 15 16 17 |
---------------+----------------------------------------------------+-----
Fighting       | 4 5 6 7 8 10 11 12 13 14 16 17 | 17.5
Maces & Flails | 3 4 5 6 8 9 11 12 13 14 15 16 | 16.2
Shields        | 4 5 6 7 9 10 11 13 14 15 16 17 | 17.2
Armour         | 4 5 6 7 9 10 11 13 14 16 17 18 | 18.5
Invocations    | 2 3 4 5 6 8 9 10 11 | 11.7
Crossbows      | 2 4 6 7 8 10 | 10.0
Dodging        | |  0.6

Action                   |  1- 3 |  4- 6 |  7- 9 | 10-12 | 13-15 | 16-18 || total
-------------------------+-------+-------+-------+-------+-------+-------++-------
Melee: Flail             |   116 |   140 |   104 |   368 |  1475 |   986 ||  3189
       Headbutt          |    10 |    23 |    60 |   141 |   392 |   231 ||   857
       Morningstar       |       |       |   174 |   236 |    26 |       ||   436
       Hand crossbow     |       |       |       |       |       |     1 ||     1
       Whip              |       |       |       |       |       |    18 ||    18
 Fire: Hand crossbow     |       |       |       |    99 |   379 |   828 ||  1306
Throw: Dart              |       |     9 |    28 |    10 |       |       ||    47
       Throwing net      |       |       |       |     3 |       |       ||     3
       Stone             |       |       |       |       |       |    13 ||    13
Invok: Minor Destruction |       |       |       |       |    10 |       ||    10
       Major Destruction |       |       |       |       |     5 |     1 ||     6
       Lesser Servant of |       |       |       |       |     1 |     2 ||     3
       Greater Servant o |       |       |       |       |       |     4 ||     4
Evoke: Wand              |       |       |     5 |       |       |     5 ||    10
  Use: Scroll            |       |     7 |     7 |     9 |     7 |    31 ||    61
       Potion            |       |       |       |       |    10 |    21 ||    31
Armor: Scale mail        |    56 |       |       |       |       |       ||    56
       Chain mail        |     4 |    77 |   159 |   158 |       |       ||   398
       Plate armour      |       |       |       |   194 |   850 |  1070 ||  2114
Dodge: Dodged            |    41 |    33 |    66 |    95 |   250 |   303 ||   788
Block: Kite shield       |    67 |    82 |   161 |     2 |       |       ||   312
       Tower shield      |       |       |       |   564 |  1773 |  1866 ||  4203

Table legend: (Time is in decaauts)
 A = Elapsed time spent in this place.
 B = Non-inter-level travel time spent in this place.
 C = Inter-level travel time spent in this place.
 D = Time resting spent in this place.
 E = Time spent auto-exploring this place.
 F = Levels seen in this place.
 G = Mean time per level.
                   A        B        C        D        E       F      G
               +--------+--------+--------+--------+--------+-----+--------+
         Total |  38679 |  37316 |   1363 |   7078 |  17300 |  36 | 1074.4 |
       Dungeon |  18711 |  18083 |    628 |   3830 |   9171 |  15 | 1247.4 |
          Lair |   6547 |   6130 |    417 |    565 |   3573 |   6 | 1091.2 |
         Swamp |   2104 |   2104 |      0 |    613 |    592 |   3 |  701.3 |
   Spider Nest |   5227 |   5005 |    222 |    664 |   2682 |   4 | 1306.8 |
  Orcish Mines |   2159 |   2081 |     78 |    537 |    851 |   2 | 1079.5 |
   Elven Halls |   2590 |   2573 |     17 |    557 |    429 |   3 |  863.3 |
         Abyss |    614 |    614 |      0 |    150 |      0 |   2 |  307.0 |
      Ice Cave |    723 |    723 |      0 |    161 |      0 |   1 |  723.0 |
               +--------+--------+--------+--------+--------+-----+--------+

Top non-repeatable levels by time:
     D:8: 2751 daAuts
   Elf:1: 2178 daAuts
 Swamp:1: 1820 daAuts
Spider:1: 1621 daAuts
Spider:3: 1567 daAuts
    D:15: 1496 daAuts
  Lair:3: 1425 daAuts
Spider:2: 1419 daAuts
   Orc:2: 1414 daAuts
  Lair:6: 1402 daAuts
    D:14: 1375 daAuts
     D:5: 1358 daAuts
     D:4: 1281 daAuts
     D:7: 1261 daAuts
    D:12: 1229 daAuts
